 Dungeon Crawl Stone Soup version 0.27-a0-1184-ge86db4a01e (webtiles) character file.

Game seed: 5965764477914594182

1519 robertstho the Magician (level 9, -4/58 HPs)
             Began as a Djinni Fire Elementalist on May 18, 2021.
             Slain by a boulder beetle (35 damage)
             ... on level 6 of the Dungeon.
             The game lasted 00:13:25 (6456 turns).

robertstho the Magician (Djinni Fire Elementalist)  Turns: 6456, Time: 00:13:26

Health: -4/58      AC:  6    Str:  7    XL:     9   Next: 9%
Gold:   62         EV: 12    Int: 19    God:
                   SH:  0    Dex: 12

rFire    + + .     SeeInvis .   b - +9 mace "Munow" {freeze, rElec rPois rN+++ Dex-3}
rCold    x . .     Faith    .   (no shield)
rNeg     + + +     Spirit   .   x - +0 steam dragon scales
rPois    ∞         Reflect  .   n - +0 helmet
rElec    +         Harm     .   (no cloak)
rCorr    .         Rampage  .   (no gloves)
Will     .....                  (boots unavailable)
Stlth    ++........             (no amulet)
HPRegen  0.19/turn              (no ring)
MPRegen  0.00/turn              (no ring)

@: about to teleport, flying
A: sickness immunity, fire resistance 2, cold vulnerability 1, float, innate
caster, hp casting, extra vitality 1
a: no special abilities


You were on level 6 of the Dungeon.
You visited 1 branch of the dungeon, and saw 6 of its levels.

You collected 248 gold pieces.
You spent 186 gold pieces at shops.

Inventory:

Hand Weapons
 b - the +9 mace "Munow" (weapon) {freeze, rElec rPois rN+++ Dex-3}
   (You found it on level 5 of the Dungeon)

   It has been specially enchanted to freeze those struck by it, causing extra
   injury to most foes and up to half again as much damage against particularly
   susceptible opponents.
   It can also slow down cold-blooded creatures.
   It affects your dexterity (-3).
   It insulates you from electricity.
   It protects you from poison.
   It renders you almost immune to negative energy.
 q - a +0 dagger of freezing
 r - a +2 falchion of holy wrath
Missiles
 c - 11 javelins
Armour
 i - the +0 helmet of the Sacrificial Victim {+Inv Regen+ Str+5}
   (You took it off Robin on level 2 of the Dungeon)

   It affects your strength (+5).
   It lets you turn invisible.
   It increases your rate of health regeneration.
 n - a +0 helmet (worn)
 x - +0 steam dragon scales (worn)
Wands
 s - a wand of acid (7)
 v - a wand of flame (12)
Scrolls
 h - 3 scrolls of blinking {unknown}
 k - a scroll of brand weapon {unknown}
 l - a scroll of enchant weapon {unknown}
 p - a scroll of enchant armour
 t - a scroll of fog
 u - a scroll of magic mapping
 w - a scroll of noise {unknown}
Potions
 a - a potion of attraction {unknown}
 d - a potion of invisibility
 e - a potion of curing {unknown}
 f - a potion of ambrosia {unknown}
 g - a potion of berserk rage
 j - 2 potions of brilliance
 m - a potion of resistance


   Skills:
 + Level 1.6 Fighting
 + Level 1.2 Maces & Flails
 + Level 3.1 Dodging
 + Level 3.3 Stealth
 + Level 7.0 Spellcasting
 * Level 3.9 Evocations


You couldn't memorise any spells.
You knew the following spells:

 Your Spells              Type           Power      Damage    Failure   Level
a - Foxfire               Conj/Fire      100%       2x1d9     1%          1
b - Conjure Flame         Conj/Fire      33%        6-21      1%          3
c - Inner Flame           Hex/Fire       33%        N/A       1%          3
d - Sticky Flame          Conj/Fire      33%        2d5       5%          4
e - Fireball              Conj/Fire      16%        3d8       16%         5
f - Apportation           Tloc           66%        N/A       1%          1
g - Passwall              Tmut/Erth      27%        N/A       1%          2
h - Ignite Poison         Fire/Tmut/Pois 33%        N/A       1%          3
i - Confusing Touch       Hex            33%        N/A       1%          3
Your spell library was empty.

Dungeon Overview and Level Annotations

Branches:
Dungeon (6/15)             Temple (0/1) D:5

Altars:
Ashenzari
Hepliaklqana
Trog
Vehumet

Shops:
D:2 *   D:4 [=(:(   D:5 ?

Annotations:
D:2 1 runed translucent door, Crazy Yiuf
D:4 460 armour 276 axe


Innate Abilities, Weirdness & Mutations

You are immune to sickness and miasma.
You are immune to poison.
Your flesh is very heat resistant. (rF++)
You are vulnerable to cold. (rC-)
You float through the air rather than walking.
You learn spells naturally, not from books.
Your magical power is your life essence.
You have superior vitality. (+4 HP)


Message History

Confirm with . or Enter, or press ? or * to list all spells.
Aiming: Sticky Flame (dangerous; 6% risk of failure)
Press: ? - help, Shift-Dir - straight line, f - ice beast
Aim: an ice beast (100% to hit)
The sticky flame hits the ice beast!
The ice beast melts!
The ice beast is moderately wounded.
The ice beast is covered in liquid flames!
The ice beast burns!
The ice beast closely misses you.
The boulder beetle leaps!
You hit the ice beast but do no damage.
The ice beast is heavily wounded.
The ice beast burns! x2; The ice beast barely misses you.
You hit the ice beast.
You kill the ice beast!
Your Spellcasting skill increases to level 7!
Casting: Sticky Flame (dangerous; 5% risk of failure)
Confirm with . or Enter, or press ? or * to list all spells.
The spell is quite dangerous to cast (16% risk of failure)!
Continue anyway?
Aiming: Fireball (quite dangerous; 16% risk of failure)
Press: ? - help, Shift-Dir - straight line, f - boulder beetle
Aim: a boulder beetle The fireball explodes!
The fireball engulfs the boulder beetle.
The boulder beetle is lightly wounded.
The boulder beetle curls into a ball and begins rolling!
Casting: Fireball (quite dangerous; 16% risk of failure)
Confirm with . or Enter, or press ? or * to list all spells.
The spell is quite dangerous to cast (16% risk of failure)!
Continue anyway?
Aiming: Fireball (quite dangerous; 16% risk of failure)
Press: ? - help, Shift-Dir - straight line, f/p - boulder beetle
Aim: a boulder beetle (lightly wounded, rolling)
The fireball explodes!
The fireball engulfs the boulder beetle but does no damage.
The boulder beetle is lightly wounded.
Unknown command.
As you read the scroll of teleportation, it crumbles to dust.
You feel strangely unstable. The boulder beetle hits you!!
Ouch! That really hurt!
You die...

#.# ### ###.######
........##.. ........#
........##.# ##.####.###
._..._..##.# #..........
.......$##.# #B.#######.
...⌠....##.# #.## ###.
........##.# #.# #...
._..._(.##@# #.# #.#.
......°°○B.# #.# #.#.
#....#####(# #.# #.##
#.# #.# #.# #.## #.# #.#
#.#. #.# #.######.#.
#####
##.######..........
...###.........######.##
#.#.....#####.# #.##


You could see a boulder beetle (rolling).

Vanquished Creatures
  A hornet (D:6)
  A steam dragon (D:6)
  An ice beast (D:6)
  2 necrophages
  A kobold brigand (D:6)
  2 water moccasin zombies (D:5)
  A water moccasin skeleton (D:6)
  A howler monkey (D:5)
  A bullfrog zombie (D:6)
  2 centaur skeletons
  A gnoll shaman (D:5)
  An orc priest (D:5)
  A bullfrog skeleton (D:4)
  3 hounds (D:5)
  2 iguanas
  3 orc wizards
  Robin (D:2)
  5 gnolls (D:5)
  5 adders
  A river rat (D:6)
  2 ufetubi
  A worm (D:2)
  4 dart slugs
  15 orcs
  9 endoplasms
  3 giant cockroaches
  15 goblins
  9 hobgoblins
  6 jackals (D:4)
  5 quokkas
  6 ball pythons
  6 bats
  9 frilled lizards (D:1)
  7 kobolds
  6 rats
139 creatures vanquished.

Vanquished Creatures (collateral kills)
  4 foxfires (D:2)
4 creatures vanquished.

Vanquished Creatures (others)
  648 foxfires
  2 fungi (D:2)
  5 plants (D:1)
655 creatures vanquished.

Grand Total: 798 creatures vanquished

Notes
Turn   | Place    | Note
-------+----------+-------------------------------------------
     0 | D:1      | robertstho the Djinni Fire Elementalist began the quest for
                  | the Orb.
     0 | D:1      | Reached XP level 1. HP: 15/15 MP: 0/0
   525 | D:1      | Reached XP level 2. HP: 18/21 MP: 0/0
   785 | D:1      | Reached skill level 3 in Spellcasting
  1124 | D:1      | Reached XP level 3. HP: 23/25 MP: 0/0
  1124 | D:1      | Learned a level 1 spell: Apportation
  2103 | D:2      | Identified the +0 helmet of the Sacrificial Victim {+Inv
                  | Regen+ Str+5}
  2103 | D:2      | Noticed Robin
  2135 | D:2      | Reached XP level 4. HP: 9/31 MP: 0/0
  2369 | D:2      | Killed Robin
  2647 | D:2      | Found Ejur's Assorted Antiques.
  3105 | D:2      | Found a runed translucent door.
  3106 | D:2      | Noticed Crazy Yiuf
  3267 | D:3      | Reached XP level 5. HP: 35/35 MP: 0/0
  3267 | D:3      | Learned a level 2 spell: Passwall
  3305 | D:3      | Reached skill level 4 in Spellcasting
  3596 | D:3      | Found a faded altar of an unknown god.
  3666 | D:4      | Reached skill level 1 in Fighting
  3707 | D:4      | Found Biargh's Jewellery Shop.
  3732 | D:4      | Reached XP level 6. HP: 42/42 MP: 0/0
  3782 | D:4      | Found Aroczegh's Antique Armour Boutique.
  3879 | D:4      | Found Gayd's Book Shop.
  3883 | D:4      | Found Ireguher's Antique Weapon Shop.
  4096 | D:4      | Found Yxenlido's Weapon Shop.
  4636 | D:5      | Entered Level 5 of the Dungeon
  4693 | D:5      | Reached skill level 5 in Spellcasting
  4693 | D:5      | Reached XP level 7. HP: 38/47 MP: 0/0
  4693 | D:5      | Learned a level 3 spell: Ignite Poison
  4704 | D:5      | Reached skill level 1 in Evocations
  5161 | D:5      | Found a staircase to the Ecumenical Temple.
  5499 | D:5      | Identified the +9 mace "Munow" {freeze, rElec rPois rN+++
                  | Dex-3}
  5520 | D:5      | Reached XP level 8. HP: 51/52 MP: 0/0
  5562 | D:5      | Found Waxacune's Magic Scroll Shoppe.
  5565 | D:5      | Bought a scroll of enchant armour for 82 gold pieces
  5565 | D:5      | Bought a scroll of identify for 22 gold pieces
  5565 | D:5      | Bought a scroll of identify for 22 gold pieces
  5565 | D:5      | Bought a scroll of fog for 22 gold pieces
  5565 | D:5      | Bought a scroll of magic mapping for 38 gold pieces
  5652 | D:5      | Reached skill level 6 in Spellcasting
  6250 | D:6      | Noticed a boulder beetle
  6436 | D:6      | Found a broken altar of Ashenzari.
  6438 | D:6      | Found a hazy altar of Hepliaklqana.
  6438 | D:6      | Found a bloodstained altar of Trog.
  6438 | D:6      | Noticed a hornet
  6446 | D:6      | Killed a hornet
  6450 | D:6      | Reached skill level 1 in Maces & Flails
  6450 | D:6      | Reached XP level 9. HP: 44/58 MP: 0/0
  6450 | D:6      | Learned a level 3 spell: Confusing Touch
  6453 | D:6      | Reached skill level 7 in Spellcasting
  6456 | D:6      | Slain by a boulder beetle

Illustrated notes

Levels and vault maps discovered:
D:1:      ncdulo_wetmaze, layout_basic, minmay_lizard_king
D:2:      layout_loops_cross, serial_shops, nicolae_shop_overgrown_old_shop,
          uniq_robin, uniq_crazy_yiuf_cottage
D:3:      layout_rooms, hellmonk_ecumenical_altar_leap_of_faith
D:4:      layout_gridville, serial_shops, shop, nicolae_shop_behind_doors,
          nicolae_shop_overgrown_old_shop, shop, nicolae_shop_behind_doors
D:5:      layout_rooms, minmay_temple_entry_glassed_door, serial_shops,
          nicolae_shop_behind_doors
D:6:      lemuel_ratsnest, layout_loops_ring, grunt_temple_overflow_open

Skill      XL: |  1  2  3  4  5  6  7  8  9 |
---------------+----------------------------+-----
Spellcasting   | 3 4 5 6 7 |  7.0
Stealth        | 2 3 |  3.3
Fighting       | 1 |  1.6
Evocations     | 2 3 |  3.9
Dodging        | 3 |  3.1
Maces & Flails | 1 |  1.2

Action                   |  1- 3 |  4- 6 |  7- 9 || total
-------------------------+-------+-------+-------++-------
Melee: Short sword       |       |     8 |       ||     8
       Mace              |       |       |    21 ||    21
 Cast: Foxfire           |    93 |   199 |    95 ||   387
       Sticky Flame      |       |       |     7 ||     7
       Fireball          |       |       |     2 ||     2
  Use: Scroll            |       |     4 |     5 ||     9
 Stab: Sleeping          |       |       |     1 ||     1
Armor: Robe              |     2 |       |       ||     2
       Animal skin       |       |    12 |     5 ||    17
Dodge: Dodged            |     6 |    29 |    30 ||    65

Table legend: (Time is in decaauts)
 A = Elapsed time spent in this place.
 B = Non-inter-level travel time spent in this place.
 C = Inter-level travel time spent in this place.
 D = Time resting spent in this place.
 E = Time spent auto-exploring this place.
 F = Levels seen in this place.
 G = Mean time per level.
                   A        B        C        D        E       F      G
               +--------+--------+--------+--------+--------+-----+--------+
         Total |   6468 |   6219 |    249 |    219 |   5152 |   6 | 1078.0 |
       Dungeon |   6468 |   6219 |    249 |    219 |   5152 |   6 | 1078.0 |
               +--------+--------+--------+--------+--------+-----+--------+

Top non-repeatable levels by time:
     D:1: 1978 daAuts
     D:2: 1272 daAuts
     D:5: 1179 daAuts
     D:4: 981 daAuts
     D:6: 648 daAuts
     D:3: 408 daAuts
